 Dungeon Crawl Stone Soup version 0.24-a0-769-g368c164 (webtiles) character file.

Game seed: 13483403744442595927, levelgen mode: deterministic

64 BoppinsLewinski the Slasher (level 3, 0/28 HPs)
             Began as a Demonspawn Gladiator on Oct 7, 2019.
             Succumbed to an adder's poison
             ... on level 2 of the Dungeon.
             The game lasted 00:03:00 (1610 turns).

BoppinsLewinski the Slasher (Demonspawn Gladiator)  Turns: 1610, Time: 00:03:00

Health: 0/28       AC:  7    Str: 15    XL:     3   Next: 91%
Magic:  3/3        EV: 10    Int:  9    God:
Gold:   104        SH:  0    Dex: 14    Spells: 2/2 levels left

rFire    . . .     SeeInvis .   a - +0 long sword
rCold    . . .     Gourm    .   (no shield)
rNeg     . . .     Faith    .   l - +0 scale mail
rPois    .         Spirit   .   c - +0 helmet
rElec    .         Reflect  .   (no cloak)
rCorr    .         Harm     .   (no gloves)
MR       .....                  (no boots)
Stlth    ..........             (no amulet)
HPRegen  0.09/turn              k - +2 ring of slaying
MPRegen  0.08/turn              (no ring)

@: lethally poisoned (0 -> -1)
A: rot immunity
a: no special abilities


You were on level 2 of the Dungeon.
You were not hungry.

You visited 1 branch of the dungeon, and saw 2 of its levels.

You collected 104 gold pieces.

Inventory:

Hand Weapons
 a - a +0 long sword (weapon)
Missiles
 d - a throwing net (quivered)
Armour
 c - a +0 helmet (worn)
 l - a +0 scale mail (worn)
Jewellery
 k - a +2 ring of slaying (left hand)
 r - an uncursed ring of wizardry {unknown}
Scrolls
 b - a scroll of amnesia {unknown}
 e - 2 scrolls of enchant weapon {unknown}
 g - a scroll of remove curse {unknown}
 h - 2 scrolls of identify {unknown}
 i - a scroll of magic mapping {unknown}
 m - a scroll of fear {unknown}
 p - a scroll of noise {unknown}
Potions
 j - a potion of curing {unknown}
 n - a potion of haste {unknown}
 o - a potion of brilliance {unknown}
 q - a potion of lignification {unknown}
Comestibles
 f - 2 rations


   Skills:
 + Level 2.5 Fighting
 * Level 3.5 Long Blades
 - Level 1.7 Throwing
 + Level 1.1 Armour
 + Level 3.1 Dodging


You had 2 spell levels left.
You didn't know any spells.
Your spell library was empty.

Dungeon Overview and Level Annotations

Branches:
Dungeon (2/15)

Altars:


Innate Abilities, Weirdness & Mutations

You are immune to rotting.


Message History

Tha ice beast struggles against tha net. x2
Ye hit tha ice beast but do nay damage.
Tha ice beast struggles against tha net.
Yer scale mail prevents ye from hittin' tha ice beast.
Tha ice beast struggles against tha net.
Tha net rips apart, an' tha ice beast comes free!
Ye barely miss tha ice beast.
Ye feel sick.
Tha ice beast hits ye.
Tha ice beast freezes ye.
Tha ice beast completely misses ye.
Ye barely miss tha ice beast.
Tha ice beast hits ye but does nay damage.
Ye hit tha ice beast but do nay damage.
Tha ice beast hits ye.
Tha ice beast freezes ye!
Ouch! Tha re'lly hurt!
* * * LOW HITPOINT WARNIN'
* * * Throwin' (i - inventory)
d - 2 throwin' nets (quiv'red)
Press: ? - help, Shift-Dir - straight line, f/p - ice beast
Aim: an ice beast Ye throw a throwin' net.
Tha throwin' net hits tha ice beast.
Tha ice beast be caught in tha net!
Ye die...

### #####.##### ###
......... ..####
#.....# #....#
..###.....# #.##.#
.....(Y@..# #.##.#
.####.#.#.# #.##.####
####.#.#.#####.......#
.....#+#..........##.#
##...###.##.....#.#
##.....##.##...#.#.#
##.......#.##...#...#
#..........##.#####.#
+...............#...#


You could see an ice beast (caught).

Vanquished Creatures
  A gnoll (D:1)
  An adder (D:2)
  A worm (D:2)
  3 dart slugs
  2 ball pythons
  9 bats
  A giant cockroach (D:2)
  3 goblins
  4 hobgoblins (D:2)
  3 frilled lizards (D:1)
  5 kobolds (D:1)
  4 rats
37 creatures vanquished.

Notes
Turn   | Place    | Note
-------+----------+-------------------------------------------
     0 | D:1      | BoppinsLewinski the Demonspawn Gladiator began the quest
                  | for the Orb.
     0 | D:1      | Reached XP level 1. HP: 16/16 MP: 1/1
   330 | D:1      | Gained mutation: You are immune to rotting. [demonic
                  | ancestry]
   330 | D:1      | Reached XP level 2. HP: 14/22 MP: 2/2
   684 | D:1      | Reached XP level 3. HP: 28/28 MP: 3/3
  1189 | D:2      | Reached skill level 1 in Armour
  1598 | D:2      | Noticed an ice beast
  1609 | D:2      | HP: 1/28 [ice beast (14)]
  1610 | D:2      | Succumbed to an adder's poison

Levels and vault maps discovered:
D:1:      ebering_trefoil_3fold, layout_rooms, hangedman_decor_riveting
D:2:      layout_loops_corners, minmay_split_cup_small

Skill      XL: |  1  2  3 |
---------------+----------+-----
Long Blades    | 3 |  3.5
Dodging        | 3 |  3.1
Armour         | 1 |  1.1
Fighting       | |  2.5
Throwing       | |  1.7

Action                   || total
-------------------------++-------
Melee: Long sword        ||    92
Throw: Throwing net      ||     4
 Stab: Held in net/web   ||     1
  Eat: Chunk             ||     2
Armor: Leather armour    ||    13
       Scale mail        ||    29
Dodge: Dodged            ||    84
       Rpst.: Long sword ||    22

Table legend:
 A = Non-vault XP
 B = Vault XP
 C = Vault XP percentage of total XP
 D = Non-vault monster count
 E = Vault monster count
 F = Vault count percentage of total count
                 A         B        C        D         E       F
            +---------+---------+-------+---------+---------+-------
      Total |      83 |       9 |   9.8 |      34 |       3 |   8.1
            +---------+---------+-------+---------+---------+-------
        D:1 |      47 |       0 |   0.0 |      21 |       0 |   0.0
        D:2 |      36 |       9 |  20.0 |      13 |       3 |  18.8
            +---------+---------+-------+---------+---------+-------
